 Dungeon Crawl Stone Soup version 0.14-a0-2162-g062a2ce (webtiles) character file.

1620 DaftWullie the Slicer (level 9, -6/81 HPs)
             Began as a Kobold Berserker on Jan 27, 2014.
             Was a Priest of Trog.
             Killed by divine providence
             ... invoked by an orc priest
              (15 damage)
             ... on Level 6 of the Dungeon on Jan 28, 2014.
             The game lasted 00:50:13 (5551 turns).

DaftWullie the Slicer (Kobold Berserker)            Turns: 5551, Time: 00:50:13

HP  -6/81        AC  6     Str 21      XL: 9   Next:  0%
MP  10/10        EV 19     Int  6      God: Trog [***...]
Gold 230         SH  0     Dex 17      Spells:  0 memorised,  8 levels left

rFire  . . .     SeeInvis .     a - +1 dwarf short sword
rCold  . . .     Clarity  .     v - +3 leather armour
rNeg   . . .     Conserve .     (no shield)
rPois  .         rCorr    .     (no helmet)
rElec  .         rRot     .     (no cloak)
SustAb . .       Spirit   .     (no gloves)
rMut   .         Warding  .     (no boots)
Saprov + + .     Stasis   .     (no amulet)
MR     ++...                    (no ring)
                                I - ring of wizardry

@: regenerating, berserking, drained, very quick, very resistant to hostile
enchantments, extremely unstealthy
A: disease resistance, carnivore 3, saprovore 2
a: Burn Spellbooks, Berserk, Trog's Hand, Renounce Religion


You were on level 6 of the Dungeon.
You worshipped Trog.
Trog was most pleased with you.
You were very full.

You visited 1 branch of the dungeon, and saw 6 of its levels.
You also visited: Ossuary.

You collected 230 gold pieces.

Inventory:

Hand weapons
 a - a +1,+1 dwarven short sword (weapon)
 k - a +0,+0 short sword
 n - a +0,+0 short sword
 t - a cursed +0,+0 short sword
 y - a -1,+1 orcish short sword
 z - a +0,+0 short sword
 A - a cursed -1,-3 orcish short sword
 D - a +0,+0 short sword
Missiles
 d - 25 darts (quivered)
 x - 6 poisoned darts
 E - 4 exploding darts
Armour
 b - a +0 animal skin
 j - a cursed +0 robe
 o - a +0 leather armour
 p - a cursed +1 leather armour of cold resistance
 v - a +3 leather armour (worn)
Magical devices
 f - a wand of flame (0)
 w - a wand of slowing (3)
Comestibles
 c - 2 meat rations
Scrolls
 g - a scroll of fog
 i - a scroll of teleportation
 l - 2 scrolls of magic mapping
 m - a scroll of amnesia
 r - 3 scrolls of fear
 s - a scroll of noise
 u - 2 scrolls of remove curse {unknown}
 C - 3 scrolls of identify
 F - a scroll of curse weapon {unknown}
 G - a scroll of immolation {unknown}
 H - a scroll of random uselessness {unknown}
 J - a scroll of enchant weapon II {unknown}
 L - a scroll of curse armour {unknown}
Jewellery
 I - a ring of wizardry (left hand)
Potions
 e - 5 potions of heal wounds {unknown}
 h - 2 potions of brilliance {unknown}
 q - 8 potions of curing {unknown}
 B - 3 potions of poison {unknown}
 K - a potion of might {unknown}


   Skills:
 + Level 5.3(5.0) Fighting
 * Level 9.1(8.8) Short Blades
 + Level 3.5(3.2) Throwing
 - Level 1.5(1.2) Armour
 + Level 7.7(7.4) Dodging
 + Level 2.8(2.5) Stealth
 + Level 1.1(0.8) Evocations


You had 8 spell levels left.
You didn't know any spells.

Dungeon Overview and Level Annotations

Branches:
Dungeon (6/16)             Temple (0/1) D:4

Altars:
Cheibriados
Sif Muna
The Shining One

Shops:
D:5 %

Annotations:
D:4 Menkaure


Innate Abilities, Weirdness & Mutations

You recuperate from illness quickly.
You are small and have problems with some larger weapons.
You are carnivorous and can eat meat at any time.
You can eat rotten meat.


Message History

The orc completely misses you.
The orc priest hits you with an orcish dagger!
* * * LOW HITPOINT WARNING * * *
The orc priest invokes the aid of Beogh against you.
Something smites you!
* * * LOW HITPOINT WARNING * * *
Use which ability? (? or * to list)
Your skin crawls.
You feel resistant to hostile enchantments.
You feel slightly less full. The orc hits you but does no damage.
The orc priest closely misses you. The orc priest completely misses you.
Use which ability? (? or * to list)
A red film seems to cover your vision as you go berserk!
You feel yourself moving faster!
You feel mighty!
You feel somewhat less full. The orc hits you.
* * * LOW HITPOINT WARNING * * *
The orc priest barely misses you.
The orc priest mumbles some strange prayers to Beogh against you.
Something smites you!
You die...

#####
.....
..###
#######
..#
#.....#
.#
#.....#
#.@o..#
#oo...+
#.....+
#.....+
#######


You could see 2 orc priests and an orc.

Vanquished Creatures
  Eustachio (D:4)
  Edmund (D:4)
  Purgy (D:3)
  An ogre (D:5)
  2 elf zombies (Ossuary)
  The ghost of Moksha the Insei, an average OpTm (D:3)
  An agate snail (D:3)
  6 orc priests
  A hound (D:5)
  5 orc wizards
  A scorpion (D:4)
  2 worker ants
  A big kobold zombie (Ossuary)
  Jessica (D:3)
  A hound zombie (D:5)
  Terence (D:3)
  3 mummies (Ossuary)
  6 adders
  A giant mite (D:1)
  An adder zombie (Ossuary)
  A giant gecko (D:2)
  11 orcs
  2 ball pythons
  8 bats
  A bat skeleton (D:5)
  5 giant cockroaches
  15 goblins
  8 hobgoblins
  2 jackals (D:4)
  13 kobolds
  2 quokkas
  7 giant newts
  4 goblin zombies (Ossuary)
  2 kobold zombies (Ossuary)
  An orc zombie (D:5)
  10 rats
  2 rat zombies (Ossuary)
132 creatures vanquished.

Vanquished Creatures (others)
  A goblin (D:4)
1 creature vanquished.

Grand Total: 133 creatures vanquished

Notes
Turn   | Place    | Note
--------------------------------------------------------------
     0 | D:1      | DaftWullie, the Kobold Berserker, began the quest for the Orb.
     0 | D:1      | Reached XP level 1. HP: 14/14 MP: 1/1
   186 | D:1      | Reached XP level 2. HP: 19/19 MP: 2/2
   519 | D:1      | Reached XP level 3. HP: 24/24 MP: 3/3
   690 | D:1      | Acquired Trog's second power
  1159 | D:2      | Reached XP level 4. HP: 24/29 MP: 4/4
  1488 | D:3      | Noticed Moksha's ghost (average OpTm)
  1500 | D:3      | Killed Moksha's ghost
  1500 | D:3      | Reached skill level 5 in Short Blades
  1500 | D:3      | Reached XP level 5. HP: 34/34 MP: 5/5
  1978 | D:3      | Reached skill level 1 in Throwing
  2089 | D:3      | Reached XP level 6. HP: 21/39 MP: 6/6
  2137 | D:3      | Reached skill level 6 in Short Blades
  2565 | D:3      | Noticed Jessica
  2572 | D:3      | Killed Jessica
  2596 | D:3      | Noticed Purgy
  2648 | D:3      | Reached skill level 5 in Dodging
  2669 | D:3      | Noticed Terence
  2687 | D:3      | Killed Terence
  3028 | D:3      | Killed Purgy
  3028 | D:3      | Reached XP level 7. HP: 44/44 MP: 7/7
  3077 | D:4      | Noticed Eustachio
  3238 | D:3      | Reached skill level 1 in Stealth
  3721 | D:3      | Noticed an agate snail
  3741 | D:3      | Killed an agate snail
  3741 | D:3      | Reached skill level 7 in Short Blades
  3749 | D:3      | Found a snail-covered altar of Cheibriados.
  3839 | D:4      | Killed Eustachio
  3859 | D:4      | Found a sand-covered staircase.
  3918 | D:4      | Reached XP level 8. HP: 48/48 MP: 8/8
  3978 | Ossuary  | Entered an ossuary
  4008 | Ossuary  | Reached skill level 5 in Fighting
  4008 | Ossuary  | Reached skill level 8 in Short Blades
  4506 | D:5      | Entered Level 5 of the Dungeon
  4541 | D:4      | Noticed Edmund
  4561 | D:4      | Killed Edmund
  4792 | D:4      | Found a staircase to the Ecumenical Temple.
  4820 | D:4      | Found a deep blue altar of Sif Muna.
  4964 | D:4      | Noticed Menkaure
  4972 | D:4      | Upgraded the game from 0.14-a0-2124-ga163777 to 0.14-a0-2162-g062a2ce
  5105 | D:5      | Reached skill level 9 in Short Blades
  5378 | D:5      | Found Eqisix's Food Shoppe.
  5447 | D:5      | Found a glowing golden altar of the Shining One.
  5501 | D:5      | Reached skill level 1 in Evocations
  5532 | D:5      | Reached XP level 9. HP: 34/54 MP: 10/10
  5551 | D:6      | Killed from afar by an orc priest

Action                   |  1- 3 |  4- 6 |  7- 9 || total
-------------------------+-------+-------+-------++-------
Melee: Short sword       |   113 |   190 |   305 ||   608
Throw: Dart              |     7 |    22 |    15 ||    44
Invok: Berserk           |     2 |     6 |    11 ||    19
       Trog's Hand       |       |     3 |     3 ||     6
       Burn Spellbooks   |       |       |     1 ||     1
Evoke: Wand              |       |     1 |     6 ||     7
  Use: Scroll            |       |       |     6 ||     6
 Stab: Sleeping          |       |     1 |     2 ||     3
